 Dungeon Crawl Stone Soup version 0.27.1-33-g824d729ab1 (webtiles) character file.

Game seed: 5624348389878082705

179 klutch the Skirmisher (level 5, 0/48 HPs)
             Began as a Minotaur Fighter on Dec 6, 2021.
             Slain by an orc priest (3 damage)
             ... on level 3 of the Dungeon.
             The game lasted 00:10:03 (2114 turns).

klutch the Skirmisher (Minotaur Fighter)            Turns: 2114, Time: 00:10:05

Health: 0/48       AC:  9    Str: 27    XL:     5   Next: 33%
Magic:  4/4        EV:  8    Int:  5    God:
Gold:   136        SH: 10    Dex: 10    Spells: 4/4 levels left

rFire    . . .     SeeInvis .   a - +1 flail
rCold    . . .     Faith    .   c - +0 kite shield
rNeg     . . .     Spirit   .   b - +0 scale mail
rPois    .         Reflect  .   (helmet restricted)
rElec    .         Harm     .   m - +1 cloak
rCorr    .         Rampage  .   (no gloves)
Will     .....                  (no boots)
Stlth    ..........             (no amulet)
HPRegen  0.16/turn              h - +6 ring of strength
MPRegen  0.09/turn              (no ring)

@: no status effects
A: horns 2, retaliatory headbutt
a: no special abilities


You were on level 3 of the Dungeon.
You visited 1 branch of the dungeon, and saw 3 of its levels.

You collected 136 gold pieces.

Inventory:

Hand Weapons
 a - a +1 flail (weapon)
 g - a +1 spear of flaming
 i - a +3 dagger
 l - a +4 quarterstaff of chaos
Armour
 b - a +0 scale mail (worn)
 c - a +0 kite shield (worn)
 m - a +1 cloak (worn)
Jewellery
 h - a +6 ring of strength (left hand)
Scrolls
 e - a scroll of identify
Potions
 d - a potion of might
 f - a potion of resistance
 j - a potion of curing {unknown}
 k - 2 potions of flight {unknown}


   Skills:
 * Level 5.1 Fighting
 + Level 3.6 Maces & Flails
 + Level 1.7 Throwing
 + Level 4.5 Armour
 + Level 1.9 Dodging
 - Level 3.6 Shields


You had 4 spell levels left.
You didn't know any spells.
Your spell library contained the following spells:

 Spells                   Type           Power      Damage    Failure   Level
 Petrify                  Tmut/Erth      0%         N/A       100%        4
 Metabolic Englaciation   Hex/Ice        0%         N/A       100%        5
 Statue Form              Tmut/Erth      0%         N/A       100%        6


Dungeon Overview and Level Annotations

Branches:
Dungeon (3/15)

Altars:
Xom


Innate Abilities, Weirdness & Mutations

You have a pair of horns on your head.
You reflexively headbutt those who attack you in melee.


Message History

A puff of flame appears from out of thin air!
You block the puff of flame.
The orc priest invokes the aid of Beogh against you.
Beogh smites you! Something hits you but does no damage.
Things that are here:
a +0 dagger; an orc corpse You closely miss something.
Something hits you but does no damage. Something hits you.
You sock something!
You hear some strange, mumbled words.
You are confused.
You bump into the rock wall.
Something hits you.
You bump into the rock wall.
You hear some strange, mumbled words.
You are more confused.
The orc priest miscasts a cantrip.
You miss something. You headbutt something.
Reactivating autopickup.
You feel a bit more experienced.
You hit the orc priest but do no damage.
You headbutt the orc priest!
The orc priest is severely wounded.
The orc priest invokes the aid of Beogh against you.
Beogh smites you! The orc priest barely misses you.
You closely miss the orc priest. You headbutt the orc priest.
The orc priest is severely wounded.
The orc priest barely misses you.
You're too confused to move!
The orc priest mumbles some strange prayers to Beogh against you.
Beogh smites you!
* * * LOW HITPOINT WARNING * * *
The orc priest closely misses you.
You're too confused to move!
You feel less confused.
The orc priest invokes the aid of Beogh against you.
Pain shoots through your body!
* * * LOW HITPOINT WARNING * * *
The orc priest hits you with a +0 hand axe.
You die...

#######.#####.###.#...
.........>....†.#.#...
.########.#####.#......_
............# #.######..
#.......#.### #.# ##.
#......>#.# #)# #.
#######.#.# #.# #.
#.#######.#.# #.# #####.
.......)o@.[# #.# #...).
#.#######o..# #<####
....# ### .......
.##.#.### .. #.#.# ..
..#.# ## #....


You could see 2 orc priests.

Vanquished Creatures
  Crazy Yiuf (D:2)
  An orc wizard (D:3)
  4 gnolls (D:2)
  3 adders
  A worm (D:3)
  4 orcs (D:3)
  6 ball pythons
  4 bats
  6 endoplasms
  A giant cockroach (D:1)
  5 goblins
  6 hobgoblins
  2 frilled lizards
  5 kobolds
  6 rats
55 creatures vanquished.

Notes
Turn   | Place    | Note
-------+----------+-------------------------------------------
     0 | D:1      | klutch the Minotaur Fighter began the quest for the Orb.
     0 | D:1      | Reached XP level 1. HP: 19/19 MP: 0/0
   164 | D:1      | Reached XP level 2. HP: 25/27 MP: 1/1
   290 | D:1      | Reached skill level 4 in Fighting
   600 | D:2      | Reached XP level 3. HP: 33/33 MP: 2/2
   646 | D:2      | Reached skill level 1 in Throwing
   646 | D:2      | Reached skill level 1 in Dodging
   664 | D:2      | Reached XP level 4. HP: 25/41 MP: 3/3
  1199 | D:2      | Found a faded altar of an unknown god.
  1559 | D:2      | Found a runed translucent door.
  1560 | D:2      | Noticed Crazy Yiuf
  1568 | D:2      | Killed Crazy Yiuf
  1932 | D:3      | Found a shimmering altar of Xom.
  1942 | D:3      | Reached XP level 5. HP: 47/47 MP: 4/4
  1954 | D:3      | Reached skill level 5 in Fighting
  2114 | D:3      | Slain by an orc priest

Illustrated notes

Levels and vault maps discovered:
D:1:      lightli_arrival_statue_moat, layout_rooms
D:2:      layout_basic, shapermc_ecumenical_altar_starsandcircs,
          kennysheep_decorative_pillar, uniq_crazy_yiuf_cottage
D:3:      layout_basic, nicolae_overflow_crystal_walls, roderic_batcave,
          grunt_decor_arrowhead, uniq_terence

Skill      XL: |  1  2  3  4  5 |
---------------+----------------+-----
Fighting       | 4 5 |  5.1
Armour         | 4 |  4.5
Maces & Flails | 3 |  3.6
Throwing       | 1 |  1.7
Dodging        | 1 |  1.9
Shields        | |  3.6

Action                   |  1- 3 |  4- 6 || total
-------------------------+-------+-------++-------
Melee: Flail             |    67 |    57 ||   124
       Headbutt          |    10 |    15 ||    25
  Use: Scroll            |     2 |     2 ||     4
Armor: Scale mail        |    37 |    23 ||    60
Dodge: Dodged            |    28 |    24 ||    52
Block: Kite shield       |    39 |    32 ||    71
